[Event "*** MasterClass Titled Tuesday Blitz"]
[Site "Chess.com"]
[Date "2017.12.12"]
[Round "8"]
[White "chito89"]
[Black "MITerryble"]
[Result "0-1"]
[WhiteElo "2589"]
[BlackElo "2677"]
[TimeControl "180+2"]
[EndTime "14:51:48 PST"]
[Termination "MITerryble won on time"]

1. d4 e6 2. c4 Bb4+ 3. Bd2 Qe7 4.
Nf3 Nf6 5. g3 Nc6 6. Nc3 O-O 7.
Bg2 d6 8. Rc1 Bxc3 9. Bxc3 e5 10.
d5 Nb8 11. c5 Na6 12. cxd6 cxd6 13. Nd2 Bd7 14. O-O Rac8 15. Qb3 Rc7 16. Nc4 Nc5 17. Qa3 b5 18. Nxe5 dxe5 19. Ba5 b4 20.
Qe3 Ng4 21. Qd2 Rcc8 22. Bxb4 Qd6 23. Rc4 Qb6 24. Rfc1 Ne4 25. Rxe4 Nxf2 26. Kf1 Nxe4 27. Bxe4 Rxc1+ 0-1

[Event "*** MasterClass Titled Tuesday Blitz"]
[Site "Chess.com"]
[Date "2017.12.12"]
[Round "8"]
[White "Yaacovn"]
[Black "matiss90"]
[Result "1-0"]
[WhiteElo "2639"]
[BlackElo "2340"]
[TimeControl "180+2"]
[EndTime "14:51:55 PST"]
[Termination "Yaacovn won by resignation"]

1. d4 Nf6 2. Nf3 g6 3. e3 Bg7 4.
Be2 O-O 5. O-O d6 6. b3 c5 7. Bb2 Ne4 8. Qc1 cxd4 9. Bxd4 e5 10. Bb2 d5 11. Rd1 Nc6 12. c4 d4 13. Nbd2 Nxd2 14.
Qxd2 Qe7 15. exd4 exd4 16. Re1 Be6 17. Bf1 h6 18. g3 Rad8 19. Bh3 Bxh3 20. Rxe7 Nxe7 21.
Kh1 Nc6 22. Ng1 Bf5 23. Kg2 Rfe8 24. f3 Re3 25. Re1 Rxe1 26. Qxe1 d3 27. Bc1 g5 28. g4 Bg6 29. Nh3 Nd4 30. f4 gxf4 31. Nxf4 Bh7 32. Nh5 Bh8 33. Bxh6 Ne2 34. Qh4 Be4+ 35.
Kf1 Rd7 36. Nf6+ Bxf6 37. Qxf6 Ng3+ 38. hxg3 1-0

[Event "*** MasterClass Titled Tuesday Blitz"]
[Site "Chess.com"]
[Date "2017.12.12"]
[Round "8"]
[White "Kaphrep"]
[Black "GMAkobianSTL"]
[Result "0-1"]
[WhiteElo "2632"]
[BlackElo "2686"]
[TimeControl "180+2"]
[EndTime "14:51:58 PST"]
[Termination "GMAkobianSTL won by checkmate"]

1. e4 e6 2. d4 d5 3. exd5 exd5 4. Nf3 Nf6 5. Bd3 c5 6. dxc5 Bxc5 7. Qe2+ Be6 8. Be3 Bd6 9. Nbd2 Nc6 10. Nb3 O-O 11. O-O Re8 12. h3 Qd7 13. Ng5 d4 14. Nxd4 Nxd4 15. Bxd4 Bxh3 16. Qd1 Bg4 17. Qd2 Be5 18. Bxe5 Rxe5 19. Qf4 Rae8 20. Nf3 Bxf3 21. Qxf3 Ng4 22. g3 h5 23. Kg2 g6 24. Rad1 Qc7 25. b3 R8e6 26.
Bc4 Rf6 27. Qd3 Kg7 28. Qd4 b5 29. Bd5 Qxc2 30. Bf3 Ne3+ 31. Kg1 Nxf1 32. Qxe5 Nd2 33. Be2 Ne4 34. Re1 Nxf2 35. Bf1 Ng4 36. Qd4 Qh2# 0-1

[Event "*** MasterClass Titled Tuesday Blitz"]
[Site "Chess.com"]
[Date "2017.12.12"]
[Round "8"]
[White "AndreyOstrovskiy"]
[Black "FearNoEvil12"]
[Result "1-0"]
[WhiteElo "2479"]
[BlackElo "2051"]
[TimeControl "180+2"]
[EndTime "14:52:05 PST"]
[Termination "AndreyOstrovskiy won by resignation"]

1. e4 a6 2. d4 b5 3. Be3 Bb7 4.
f3 e6 5. Bd3 Nf6 6. Ne2 d6 7. O-O Nbd7 8. c3 Rg8 9. a4 bxa4 10.
Qxa4 g5 11. Nd2 g4 12. f4 h5 13. f5 e5 14. d5 Be7 15. Nc4 Bxd5 16. exd5 Nxd5 17. Be4 Nxe3 18. Nxe3 Rb8 19. b4 Kf8 20.
Qxa6 Nf6 21. Qd3 h4 22. Nd5 Nxd5 23. Qxd5 f6 24. b5 Qe8 25. c4 Qh5 26. Nc3 Kg7 27.
Ra7 Rbc8 28. b6 Rge8 29. Rxc7 Rxc7 30. bxc7 g3 31. h3 Qg5 32. Qd3 Rc8 33. Nd5 Bf8 34. Rb1 Kf7 35. Qe3 Qxe3+ 36. Nxe3 Rxc7 37. Bd5+ Kg7 38. Kf1 Kh6 39. Ke2 Kg5 40. Kf3 Bh6 41. Rb8 Kh5 42. Rg8 Bxe3 43. Kxe3 Ra7 44. Bf3+ Kh6 45. Rg6+ Kh7 46. Rxf6 Ra3+ 47. Ke4 Rc3 48. Rxd6 Rxc4+ 49. Kxe5 Rc3 50. Kf4 Rc4+ 51. Kg5 Kg7 52. Rd7+ Kf8 53. f6 Rc8 54. Kg6 Rb8 55. Rh7 1-0

[Event "*** MasterClass Titled Tuesday Blitz"]
[Site "Chess.com"]
[Date "2017.12.12"]
[Round "8"]
[White "arna"]
[Black "johannesh"]
[Result "0-1"]
[WhiteElo "2146"]
[BlackElo "2312"]
[TimeControl "180+2"]
[EndTime "14:52:10 PST"]
[Termination "johannesh won on time"]

1. Nf3 Nf6 2. b3 b6 3. c4 Bb7 4. Bb2 e6 5. d3 d5 6. Nbd2 d4 7. Bxd4 c5 8. Bb2 Nc6 9. e3 Bd6 10.
d4 O-O 11. Bd3 Qc7 12. a3 Rfd8 13. Qc2 Rac8 14. O-O Ne7 15. dxc5 bxc5 16. Bxf6 gxf6 17. Bxh7+ Kg7 18. Be4 f5 19. Bxb7 Qxb7 20. Qc3+ f6 21. Rfd1 Rh8 22. Nf1 Rcd8 23. Ng3 Ng6 24. Ng5 Qe7 25.
Nf3 Qc7 26. Qc2 f4 27. exf4 Nxf4 28. Rab1 f5 29. Re1 Kf6 30. Qc3+ e5 31. Qc2 e4 32. Nxf5 Kxf5 33. Qxe4+ Kf6 34. Qc2 Qc6 35. Rbd1 Rhg8 36. g3 Qxf3 37. Qb2+ Kf7 0-1

[Event "*** MasterClass Titled Tuesday Blitz"]
[Site "Chess.com"]
[Date "2017.12.12"]
[Round "8"]
[White "A-Fier"]
[Black "gammagramma"]
[Result "1-0"]
[WhiteElo "2643"]
[BlackElo "2472"]
[TimeControl "180+2"]
[EndTime "14:52:12 PST"]
[Termination "A-Fier won by resignation"]

1. d4 Nf6 2. Bg5 d5 3. Nd2 e6 4.
e4 h6 5. Bh4 dxe4 6. Nxe4 Nbd7 7. Nxf6+ Nxf6 8. Nf3 a6 9. Bd3 c5 10. Qe2 cxd4 11. O-O-O Bc5 12. Ne5 g5 13. Bg3 Nd5 14.
h4 gxh4 15. Rxh4 b5 16. Qh5 Rf8 17. Re1 Qa5 18. Kd1 Qxa2 19. Nf3 Ra7 20. Nxd4 Bxd4 21. Rxd4 Qa1+ 22. Ke2 Qxb2 23. Be5 Re7 24. Kf1 Qa3 25. Qxh6 Qc5 26. Rh4 Rd7 27. Bd4 Qe7 28. Bg7 Rg8 29.
Rg4 f5 30. Rg6 Rxg7 31. Rgxe6 Kd8 32. Rxe7 Rgxe7 33. Rxe7 Nxe7 34. Qb6+ Rc7 35. Kg1 Bb7 36.
Qf6 b4 37. Bxf5 Bc6 38. Qd4+ Bd7 39. Bxd7 Rxd7 40. Qxb4 Kc8 41. Qb6 Rd1+ 42. Kh2 Ra1 43. Qc5+ Kd8 44. Qd4+ Ke8 1-0

[Event "*** MasterClass Titled Tuesday Blitz"]
[Site "Chess.com"]
[Date "2017.12.12"]
[Round "8"]
[White "TST2014"]
[Black "goldenspine"]
[Result "1-0"]
[WhiteElo "2271"]
[BlackElo "2282"]
[TimeControl "180+2"]
[EndTime "14:52:13 PST"]
[Termination "TST2014 won by checkmate"]

1. d4 Nf6 2. c4 g6 3. Nc3 d5 4. Nf3 Bg7 5. Bg5 Ne4 6. Bh4 Nxc3 7. bxc3 c5 8. e3 O-O 9. cxd5 cxd4 10. cxd4 Re8 11. e4 Qa5+ 12. Qd2 Qa4 13. Rb1 a6 14.
Be2 f5 15. e5 e6 16. d6 Nc6 17.
O-O h6 18. Bf6 g5 19. Nxg5 Qxd4 20. Qxd4 Nxd4 21. Bh5 Rf8 22. Bxg7 Kxg7 23. Rfd1 Nc6 24. Nf3 Nb8 25. Rbc1 Nd7 26. Rc7 Rd8 27. Nd4 Kh7 28.
Nxe6 Rg8 29. Bf7 Rg4 30. h3 Re4 31. f4 Nb6 32. Bh5+ Kh8 33. d7 Bxd7 34. Rdxd7 Nxd7 35. Rxd7 Rc8 36. Bg6 Re1+ 37. Kh2 Re2 38. Bxf5 Rxa2 39.
Rh7+ Kg8 40. Rxb7 a5 41. Bh7+ Kh8 42. f5 Rcc2 43. Nf4 Rf2 44. Ng6# 1-0

[Event "*** MasterClass Titled Tuesday Blitz"]
[Site "Chess.com"]
[Date "2017.12.12"]
[Round "8"]
[White "LuisFSiles"]
[Black "Quiet_Desperation"]
[Result "1-0"]
[WhiteElo "2238"]
[BlackElo "2358"]
[TimeControl "180+2"]
[EndTime "14:52:13 PST"]
[Termination "LuisFSiles won by resignation"]

1. e4 e6 2. d4 d5 3. Nd2 Nf6 4. e5 Nfd7 5. c3 c5 6. Bd3 Nc6 7. Ne2 cxd4 8. cxd4 f6 9. exf6 Nxf6 10. Nf3 Bd6 11. O-O Qc7 12. Bg5 O-O 13. Bh4 Nh5 14. Rc1 Bd7 15. Nc3 a6 16. Na4 h6 17. Nc5 Nf4 18. Bg3 Nxd3 19. Nxd3 Bxg3 20. hxg3 Be8 21. Nfe5 Qd6 22. Nxc6 Bxc6 23. Ne5 Rac8 24.
Qd2 Bb5 25. Rxc8 Rxc8 26. Rc1 Rf8 27. f4 Be8 28. Rc5 Qb6 29. Qc3 Bh5 30. b4 Be2 31. a4 Qd8 32. Rc7 b5 33. Qc6 Qf6 34. a5 Qf5 35. Qd7 Qf6 36. Rc6 Bc4 37. Qxe6+ Qxe6 38.
Rxe6 g5 39. fxg5 hxg5 40. Rxa6 Rf1+ 41. Kh2 Rd1 42. Rg6+ Kh7 43. Rxg5 Rxd4 44. a6 Rd1 45. a7 Ra1 46. Nc6 d4 47. Re5 d3 48. Re7+ Kg6 49. Rd7 Ra2 50. Na5 d2 51. a8=Q d1=Q 1-0

[Event "*** MasterClass Titled Tuesday Blitz"]
[Site "Chess.com"]
[Date "2017.12.12"]
[Round "8"]
[White "Angry_Serb"]
[Black "TijanaBlagojevic"]
[Result "0-1"]
[WhiteElo "2432"]
[BlackElo "2381"]
[TimeControl "180+2"]
[EndTime "14:52:14 PST"]
[Termination "TijanaBlagojevic won by resignation"]

1. Nf3 d5 2. g3 c6 3. Bg2 Bg4 4. O-O e6 5. d3 Bd6 6. Nbd2 Ne7 7. Re1 O-O 8. c4 Nd7 9. h3 Bh5 10. e4 b5 11. cxd5 cxd5 12. d4 dxe4 13. Nxe4 Nb6 14. Nxd6 Qxd6 15. Bf4 Qd8 16. Qb3 Ned5 17. Bd2 Nc4 18. g4 Bg6 19. Bg5 Qb6 20. a4 h6 21.
axb5 Nd6 22. Bd2 Nxb5 23. Ra4 Rac8 24. Ne5 Bc2 25. Qa2 Bxa4 26. Qxa4 Qxd4 27. Qa5 Rc2 28. Nf3 Qxb2 29. Bf1 Nbc3 30. Bxc3 Nxc3 31. Qxa7 Rc1 32.
Rxc1 Qxc1 33. Kg2 Nd1 34. Bd3 Qc6 35. Kg3 Nc3 36. Qd4 Nd5 37. Ne5 Qc7 38. f4 Rd8 39.
Qe4 Nf6 40. Qe3 Qd6 41. h4 Qd4 42. Qe2 Nd5 43. Qf3 Qe3 44. Be4 Qxf3+ 45. Kxf3 Nf6 46.
Bc2 Ra8 47. g5 Ra3+ 48. Ke2 hxg5 49. hxg5 Nd5 50. Nd3 Kf8 51. Bb1 Ke7 52. Kf3 Kd6 53. Ke4 Nc3+ 0-1

[Event "*** MasterClass Titled Tuesday Blitz"]
[Site "Chess.com"]
[Date "2017.12.12"]
[Round "8"]
[White "HarutyunianTigranK"]
[Black "Annawel"]
[Result "1-0"]
[WhiteElo "2632"]
[BlackElo "2730"]
[TimeControl "180+2"]
[EndTime "14:52:17 PST"]
[Termination "HarutyunianTigranK won by resignation"]

1. Nf3 Nf6 2. c4 b6 3. g3 Bb7 4. Bg2 g6 5. O-O Bg7 6. Nc3 O-O 7. Re1 c5 8. e4 d6 9. d4 cxd4 10. Nxd4 Nfd7 11. Be3 Nc5 12. Rc1 Nbd7 13. b4 Na6 14. a3 Ne5 15. Qe2 Nc7 16. f4 Nc6 17.
Nf3 Rc8 18. Red1 Qe8 19. Bh3 Ra8 20. Nd5 Qd8 21. Nd4 Nxd4 22. Bxd4 Bxd4+ 23. Rxd4 Bc8 24.
Bg2 Bb7 25. f5 e6 26. Ne3 exf5 27. exf5 Bxg2 28. Kxg2 Qf6 29. Qd2 gxf5 30. Rf1 Ne6 31.
Rg4+ Kh8 32. Rxf5 Qa1 33. Rh5 Rg8 34. Qc2 Rg7 35. Rgh4 Ng5 36. Rxg5 Re8 37. Rxg7 Qxg7 38. Re4 Rc8 39. Nf5 Qf6 40. Qd3 Rd8 41. Qd4 Qxd4 42. Rxd4 1-0

[Event "*** MasterClass Titled Tuesday Blitz"]
[Site "Chess.com"]
[Date "2017.12.12"]
[Round "8"]
[White "djano"]
[Black "dolynachess"]
[Result "1/2-1/2"]
[WhiteElo "2351"]
[BlackElo "2286"]
[TimeControl "180+2"]
[EndTime "14:52:25 PST"]
[Termination "Game drawn by stalemate"]

1. Nc3 e6 2. Nf3 d5 3. d4 Nf6 4. Bf4 a6 5. e3 c5 6. dxc5 Bxc5 7.
Bd3 Nc6 8. a3 Bd6 9. Bg3 e5 10. e4 d4 11. Nd5 Nxd5 12. exd5 Qa5+ 13. b4 Qxd5 14. Qe2 f5 15. Bc4 Qe4 16. Qxe4 fxe4 17.
Ng5 Bf5 18. Nf7 Ke7 19. Nxh8 Rxh8 20. O-O Rc8 21. Bd5 Rc7 22. Rfe1 Nd8 23. Rac1 Rc3 24.
a4 Bxb4 25. Bxe5 Rc5 26. c3 Bxc3 27. Red1 Rxd5 28. Rxc3 Rxe5 29. Rc7+ Kf6 30. Rxd4 Ne6 31. Rd6 Ra5 32. Rxb7 Rxa4 33. h3 h5 34. Rdd7 h4 35.
Rf7+ Ke5 36. Rbe7 g5 37. Kh2 Ra2 38. Kg1 Ra1+ 39. Kh2 Rf1 40. Ra7 Rxf2 41. Rxa6 e3 42. Ra5+ Kd6 43. Ra3 e2 44. Re3 Nf4 45. Rxf5 Rxg2+ 46.
Kh1 Rf2 47. Rxe2 Rxe2 48. Rxg5 Nxh3 49. Rd5+ Kxd5 1/2-1/2

[Event "*** MasterClass Titled Tuesday Blitz"]
[Site "Chess.com"]
[Date "2017.12.12"]
[Round "8"]
[White "daro94"]
[Black "GMBenjaminBok"]
[Result "1-0"]
[WhiteElo "2671"]
[BlackElo "2627"]
[TimeControl "180+2"]
[EndTime "14:52:39 PST"]
[Termination "daro94 won by resignation"]

1. Nf3 d5 2. d4 Nf6 3. c4 e6 4. e3 b6 5. Nc3 Bd6 6. cxd5 exd5 7.
Nb5 Be7 8. Qc2 c6 9. Nc3 O-O 10. Be2 Bb7 11. O-O Nbd7 12. b3 Bd6 13. Bb2 Qe7 14. Bd3 Rfe8 15. Nd2 Rad8 16. Rad1 Nf8 17. e4 dxe4 18. Ndxe4 Nxe4 19. Bxe4 Bb4 20. d5 cxd5 21. Bxd5 Rc8 22. Bxb7 Qxb7 23. Qd3 Bxc3 24. Bxc3 Ng6 25.
Qd4 f6 26. Rfe1 Qc6 27. Bb2 h6 28. h3 Rxe1+ 29. Rxe1 Kh7 30. Qg4 Rd8 31. Qf5 Rd2 32.
Bc1 Rxa2 33. Be3 Qc2 34. Qd7 Ne5 35. Qb7 Ng6 36. Rc1 Qf5 37. Rc7 Ra1+ 38. Kh2 Qe5+ 39.
f4 Nxf4 40. Rxg7+ 1-0

[Event "*** MasterClass Titled Tuesday Blitz"]
[Site "Chess.com"]
[Date "2017.12.12"]
[Round "8"]
[White "mazetofonias"]
[Black "JSMastropiero"]
[Result "0-1"]
[WhiteElo "2446"]
[BlackElo "2327"]
[TimeControl "180+2"]
[EndTime "14:52:43 PST"]
[Termination "JSMastropiero won by resignation"]

1. e4 e5 2. Nf3 Nc6 3. Bc4 Nf6 4. d3 Be7 5. c3 O-O 6. Bb3 d6 7. Nbd2 Na5 8. Bc2 c5 9. O-O Nc6 10. a4 Re8 11. Re1 Bf8 12. Nc4 h6 13. Ne3 g6 14. h3 d5 15. exd5 Nxd5 16. Nxd5 Qxd5 17. Bb3 Qd8 18. Be3 Be6 19. Bc2 b6 20. Nd2 Bg7 21.
Qf3 Qd7 22. Qg3 Bf5 23. Ne4 Qe6 24. Bb1 Na5 25. Ba2 c4 26. Rad1 Bxe4 27. dxe4 Qc6 28. Bb1 Qxa4 29. f4 exf4 30. Bxf4 Rad8 31. Rxd8 Rxd8 32.
Qf3 Qd7 33. e5 Re8 34. Bc2 Nc6 35. Qg3 g5 36. Bc1 Rxe5 37. Qf2 Rxe1+ 38. Qxe1 Qe6 39. Qf2 Ne5 40. Qe2 Qd5 41. Bf5 Bf6 42. Kh1 Kg7 43. Be4 Qd6 44. Be3 Nd3 45. Qf3 Nxb2 46. Qf5 Kf8 47.
Qh7 Qd1+ 48. Kh2 Be5+ 49. g3 Qe2+ 50. Kh1 Qxe3 51. Qxh6+ Ke7 52. Qxg5+ Qxg5 0-1

[Event "*** MasterClass Titled Tuesday Blitz"]
[Site "Chess.com"]
[Date "2017.12.12"]
[Round "8"]
[White "truki"]
[Black "champ1000"]
[Result "0-1"]
[WhiteElo "2211"]
[BlackElo "2268"]
[TimeControl "180+2"]
[EndTime "14:52:44 PST"]
[Termination "champ1000 won by resignation"]

1. d4 Nf6 2. c4 g6 3. Nc3 Bg7 4. e4 d6 5. h3 O-O 6. Nf3 e5 7. d5 Nh5 8. Nh2 Kh8 9. g3 a5 10. Be3 Na6 11. h4 Nc5 12. Be2 Nf6 13. Qc2 h5 14. f3 c6 15. O-O-O cxd5 16. cxd5 Bd7 17. Bb5 Rc8 18. Bxd7 Qxd7 19. Kb1 b5 20. Qd2 b4 21.
Ne2 Qb5 22. g4 hxg4 23. Bxc5 Qxc5 24. Nxg4 Nh5 25. Rc1 Qb5 26. Rxc8 Rxc8 27. Rc1 Rxc1+ 28. Nxc1 Kh7 29. Qd3 Qc5 30. a3 Nf4 31. Qc2 Qg1 32.
axb4 axb4 33. Ka2 Qd4 34. Kb3 Bh6 35. Nxh6 Kxh6 36. Na2 Qe3+ 37. Kxb4 Qxf3 38. Kb5 Nd3 39. Nc3 Nc5 40. Kc6 Qf6 41. Nb5 Qe7 42. Nxd6 Qd7+ 43.
Kxc5 Qc7+ 44. Kb5 Qxc2 45. Nc4 Qxe4 46. d6 Qd5+ 47. Kb4 e4 48. Kc3 e3 49. Nxe3 Qxd6 50.
b4 Kh5 51. b5 Kxh4 52. Nc4 Qc5 53. b6 Qc6 54. Kb4 g5 55. Ka5 Qxc4 56. b7 Qb3 57.
b8=Q Qxb8 0-1

[Event "*** MasterClass Titled Tuesday Blitz"]
[Site "Chess.com"]
[Date "2017.12.12"]
[Round "8"]
[White "Jbd735"]
[Black "Alliswell998"]
[Result "1-0"]
[WhiteElo "2277"]
[BlackElo "2346"]
[TimeControl "180+2"]
[EndTime "14:52:44 PST"]
[Termination "Jbd735 won by checkmate"]

1. e4 c5 2. Nf3 d6 3. d4 cxd4 4. Nxd4 Nf6 5. Nc3 a6 6. Bg5 e5 7. Bxf6 Qxf6 8. Nd5 Qd8 9. Nf5 Bxf5 10. exf5 Be7 11.
c3 Nd7 12. Bd3 Nf6 13. Nxf6+ Bxf6 14. Be4 Qc7 15. O-O O-O 16. Qf3 Rab8 17. a4 b6 18.
Rfd1 Rfc8 19. Qd3 a5 20. Qxd6 Qc4 21. Qd5 Qe2 22. Rd2 Qh5 23. Rad1 h6 24. Qb3 Kh8 25. g3 Rf8 26. Rd7 Kh7 27. Kg2 Kh8 28. f3 Kg8 29. h4 Kh8 30. R1d6 Bd8 31. Rd1 Bf6 32. Rh1 b5 33. g4 bxa4 34. Qc2 a3 35. bxa3 Qxh4 36. Rxh4 Bxh4 37. Bd5 f6 38. Be6 Bg5 39. c4 Rfc8 40. c5 Be3 41. c6 Bd4 42. c7 Ra8 43. Bd5 Kh7 44. Bxa8 Rxa8 45. c8=Q Rxc8 46. Qxc8 a4 47. Rd8 g5 48. Qd7# 1-0

[Event "*** MasterClass Titled Tuesday Blitz"]
[Site "Chess.com"]
[Date "2017.12.12"]
[Round "8"]
[White "ChainsOfFantasia"]
[Black "jposthuma"]
[Result "0-1"]
[WhiteElo "2467"]
[BlackElo "2346"]
[TimeControl "180+2"]
[EndTime "14:52:46 PST"]
[Termination "jposthuma won by resignation"]

1. d4 Nf6 2. Nf3 c5 3. c3 b6 4. Bf4 Bb7 5. e3 g6 6. Be2 Bg7 7. O-O O-O 8. Nbd2 d6 9. h3 Nbd7 10. a4 a6 11. Re1 Rc8 12. b4 cxb4 13. cxb4 Rc7 14. Qb3 Bd5 15. Qb2 Qa8 16. Bd3 Ne4 17.
Rac1 Rfc8 18. Nxe4 Bxe4 19. Bxe4 Qxe4 20. Rxc7 Rxc7 21.
Rc1 Qb7 22. Rxc7 Qxc7 23. e4 Qc4 24. Be3 b5 25. Nd2 Qd3 26. axb5 axb5 27. Qa1 Nb6 28. e5 h5 29. Qa6 Nd5 30. Qa8+ Kh7 31. Qxd5 dxe5 32.
Nf3 e6 33. Ng5+ Kg8 34. Qd8+ Bf8 35. Qf6 Qf5 36. Qd8 Kg7 37. dxe5 Bxb4 38. Qd4 Be7 39. Ne4 b4 40. Qxb4 Bxb4 41. Nf6 Qxe5 42. Ne8+ Kf8 0-1

[Event "*** MasterClass Titled Tuesday Blitz"]
[Site "Chess.com"]
[Date "2017.12.12"]
[Round "8"]
[White "nurmiTV"]
[Black "marreta84"]
[Result "0-1"]
[WhiteElo "2434"]
[BlackElo "2326"]
[TimeControl "180+2"]
[EndTime "14:52:56 PST"]
[Termination "marreta84 won on time"]

1. c4 Nf6 2. Nc3 g6 3. g3 Bg7 4. Bg2 d6 5. Nf3 O-O 6. O-O Nc6 7. d3 e5 8. Rb1 a5 9. a3 Nh5 10. b4 axb4 11. axb4 f5 12. Bg5 Nf6 13. Nd5 Ne7 14. Nd2 Nexd5 15. Bxd5+ Kh8 16. Bg2 h6 17. Bxf6 Qxf6 18. f4 exf4 19. Rxf4 Qe7 20. e4 g5 21. Rf1 c6 22. b5 Bd7 23. Kh1 fxe4 24. Nxe4 Rxf1+ 25. Qxf1 Rf8 26. Qg1 Bg4 27. bxc6 bxc6 28. Qb6 d5 29. Nd2 Qe2 30. Qxc6 Qxd2 31. Qxd5 Bf5 32. Bf1 Qe3 33. c5 Bd4 34. Qg2 Bh3 35. c6 Bxg2+ 36. Bxg2 Qxd3 37. Re1 Qd2 38. Rb1 Qc2 39. Re1 Rf2 40.
Rg1 Re2 41. c7 Bxg1 42. c8=Q+ Qxc8 43. Kxg1 Qc5+ 0-1

[Event "*** MasterClass Titled Tuesday Blitz"]
[Site "Chess.com"]
[Date "2017.12.12"]
[Round "8"]
[White "dusanacns"]
[Black "NateSolon"]
[Result "1-0"]
[WhiteElo "2586"]
[BlackElo "2360"]
[TimeControl "180+2"]
[EndTime "14:52:59 PST"]
[Termination "dusanacns won by resignation"]

1. e4 c5 2. Nf3 d6 3. d4 Nf6 4.
Nc3 cxd4 5. Nxd4 Nc6 6. Bg5 Bd7 7. Qd2 Rc8 8. Bxf6 gxf6 9. Nb3 h5 10. f4 Bh6 11.
O-O-O Ne5 12. Kb1 Rg8 13. g3 Bg4 14. Be2 Nc4 15. Qd4 Bxe2 16. Nxe2 a6 17. Qd5 Ne3 18. Qxh5 Nxd1 19. Rxd1 Bf8 20. Nc3 e6 21. f5 Rg5 22.
Qh3 Ke7 23. Nd4 Qd7 24. Rf1 Bg7 25. Qg2 Rh8 26. Nf3 Rg4 27. h3 Rg5 28. g4 Qc6 29. Re1 Bh6 30. Nd5+ Kf8 31. Nxf6 Bg7 32. Nxg5 Bxf6 33.
Nf3 Rg8 34. h4 Qb6 35. e5 dxe5 36. Nxe5 Qb5 37. Nd3 exf5 38. g5 Bd4 39. Qe2 Kg7 40.
h5 Rd8 41. g6 Bf6 42. gxf7 Rxd3 43. cxd3 Kxf7 44. Qe6+ Kg7 45. Rg1+ Kh7 46. Qxf6 Qxd3+ 47. Ka1 1-0

[Event "*** MasterClass Titled Tuesday Blitz"]
[Site "Chess.com"]
[Date "2017.12.12"]
[Round "8"]
[White "kereswasbest"]
[Black "Vamostodorecto"]
[Result "1-0"]
[WhiteElo "2213"]
[BlackElo "2310"]
[TimeControl "180+2"]
[EndTime "14:53:01 PST"]
[Termination "kereswasbest won by resignation"]

1. d4 d5 2. c4 Nc6 3. Nc3 Nf6 4.
cxd5 Nxd5 5. e4 Nxc3 6. bxc3 e6 7. f4 Be7 8. Nf3 O-O 9. Bd3 Bh4+ 10. g3 Be7 11. O-O e5 12. fxe5 Bh3 13. Rf2 Bg4 14. Rb1 b6 15. Bb5 Na5 16. Qf1 c6 17.
Bd3 Qc7 18. h3 Be6 19. Ng5 Bxg5 20. Bxg5 h6 21. Be3 Rad8 22. Qe2 c5 23. Kh2 cxd4 24. cxd4 Nc6 25. d5 Nxe5 26. Bf4 Bc8 27. Rc1 Qd6 28. Rc6 Qe7 29. Bxe5 Qxe5 30. Qf3 Bd7 31. Rc1 Qd4 32. Rcf1 Bc8 33. Bc2 Kh8 34. Bb3 f5 35. exf5 Rxf5 36. Qg2 Rxf2 37. Rxf2 Bb7 38. Rd2 Qe5 39. Qf3 Qd6 40. h4 Rf8 41. Qe3 Bc8 42. Bc2 Qd7 43. Kg1 Qh3 44. Rf2 Rxf2 45. Qe8+ 1-0

[Event "*** MasterClass Titled Tuesday Blitz"]
[Site "Chess.com"]
[Date "2017.12.12"]
[Round "8"]
[White "GameOverBro"]
[Black "1random"]
[Result "1-0"]
[WhiteElo "2254"]
[BlackElo "2143"]
[TimeControl "180+2"]
[EndTime "14:53:04 PST"]
[Termination "GameOverBro won by checkmate"]

1. e4 d6 2. d4 Bg4 3. f3 Bc8 4. Be3 g6 5. c4 c6 6. Nc3 Bg7 7. Qd2 Qa5 8. Bd3 e5 9. d5 h5 10.
Nge2 Bh6 11. a3 Bxe3 12. Qxe3 Qb6 13. Qxb6 axb6 14. b4 Bd7 15. Kd2 Ne7 16. a4 Na6 17. Rhb1 O-O 18. a5 c5 19. b5 Nb4 20. axb6 Rfb8 21.
Ra7 Nc8 22. Rba1 Nxa7 23. bxa7 Rf8 24. b6 f5 25. h3 f4 26. h4 Kg7 27. Ng1 Kf6 28. Nh3 Bxh3 29. gxh3 Ke7 30. Rg1 Rg8 31. Rg5 Rg7 32. Bc2 Rgg8 33. Ba4 Rg7 34. Nb5 Na6 35. Na3 Nb4 36. Bc6 bxc6 37. b7 Rgg8 38. bxa8=Q Rxa8 39. Rxg6 Kf7 40. Rh6 Kg7 41. Rxd6 Rxa7 42. dxc6 Rxa3 43.
c7 Ra8 44. Rd8 Ra2+ 45. Kc1 Nd3+ 46. Kb1 Rb2+ 47. Ka1 Rb8 48. cxb8=Q Nb4 49. Rg8+ Kf7 50. Qe8+ Kf6 51. Rg6# 1-0

[Event "*** MasterClass Titled Tuesday Blitz"]
[Site "Chess.com"]
[Date "2017.12.12"]
[Round "8"]
[White "Blitzstream"]
[Black "toad"]
[Result "1-0"]
[WhiteElo "2475"]
[BlackElo "2181"]
[TimeControl "180+2"]
[EndTime "14:53:04 PST"]
[Termination "Blitzstream won by resignation"]

1. g4 d5 2. Bg2 Bxg4 3. c4 c6 4.
Qb3 e6 5. cxd5 cxd5 6. Qa4+ Nc6 7. Qxg4 Nf6 8. Qa4 a6 9. Nf3 b5 10. Qd1 Bd6 11. d4 Qb6 12. O-O O-O 13. a3 Rac8 14.
Nc3 Na5 15. e3 Qb8 16. h3 Rc6 17. Qe2 Rfc8 18. Rb1 Bxa3 19. Ne5 R6c7 20. Nxb5 Qxb5 21. Qxb5 axb5 22. bxa3 Rc2 23. Rd1 Ne4 24. Bxe4 dxe4 25. Bd2 Nc4 26. Nxc4 R8xc4 27. Rxb5 g6 28. Rb4 Rc8 29. Be1 Ra2 30. Rb3 Rcc2 31. Kg2 h5 32. h4 Kg7 33. Kg3 Kf6 34. Rbb1 Kf5 35. Ra1 f6 36. a4 g5 37. a5 Rxa1 38. Rxa1 Rc7 39.
a6 Ra7 40. Bb4 Ra8 41. a7 e5 42. Bd6 exd4 43. exd4 gxh4+ 44. Kxh4 Ke6 45. Bb8 Kf5 46.
Kxh5 e3 47. fxe3 Ke4 48. Kg6 Kxe3 49. Ra4 Ke4 50. Kxf6 Kd5 51. Ke7 Kc6 52. Ke6 Rxb8 53. Rc4+ Kb5 54. axb8=Q+ Kxc4 55. d5 1-0

[Event "*** MasterClass Titled Tuesday Blitz"]
[Site "Chess.com"]
[Date "2017.12.12"]
[Round "8"]
[White "Noukii"]
[Black "TomsKantans"]
[Result "1-0"]
[WhiteElo "2611"]
[BlackElo "2438"]
[TimeControl "180+2"]
[EndTime "14:53:07 PST"]
[Termination "Noukii won on time"]

1. d4 Nf6 2. c4 g6 3. Nc3 d5 4. Bg5 Bg7 5. Nf3 Ne4 6. Bh4 c5 7. cxd5 Nxc3 8. bxc3 Qxd5 9. e3 cxd4 10. cxd4 Nc6 11. Be2 O-O 12. O-O Bf5 13. Qb3 Be4 14. Qxd5 Bxd5 15. Rab1 e5 16. Nxe5 Nxe5 17. dxe5 Bxa2 18.
Rb2 Bd5 19. f4 Rfc8 20. Rd1 Be4 21. Bg4 Rc7 22. Rbd2 h5 23. Be2 a5 24. Rd4 Bc2 25. Rc1 Bf8 26. Bd8 Rcc8 27. Bf6 Bb3 28. Rb1 a4 29.
Bf3 Ra7 30. Kf2 b5 31. f5 Rc2+ 32. Kg3 gxf5 33. Rd8 Rcc7 34. Bxh5 Bc4 35. Kf4 a3 36.
g4 a2 37. Ra1 Rd7 38. Rc8 Ra5 39. gxf5 Ra4 40. Rg1+ Kh7 41. Rxf8 Be2+ 42. Kg5 1-0

[Event "*** MasterClass Titled Tuesday Blitz"]
[Site "Chess.com"]
[Date "2017.12.12"]
[Round "8"]
[White "sandager"]
[Black "juniortay"]
[Result "0-1"]
[WhiteElo "1962"]
[BlackElo "2301"]
[TimeControl "180+2"]
[EndTime "14:53:09 PST"]
[Termination "juniortay won by resignation"]

1. e4 e5 2. Nf3 Nf6 3. Nxe5 Nc6 4. Nxc6 dxc6 5. Nc3 Bc5 6. Bc4 Ng4 7. O-O Qh4 8.
h3 Nxf2 9. Rxf2 Qxf2+ 10. Kh1 Bg4 11. Qf1 Be6 12. Be2 O-O-O 13. d3 Qxf1+ 14. Bxf1 f5 15.
exf5 Bxf5 16. Bg5 Rde8 17. Be2 Bd4 18. Bf3 Bxc3 19. bxc3 Rhf8 20. Rb1 Bxh3 21. Bh4 Be6 22. Bg3 g6 23. c4 h5 24. Bh4 Bd7 25. a4 a5 26. Be1 b6 27. Bh4 Re6 28. Bf2 c5 29. Bg3 Bc6 30. Bxc6 Rxc6 31. Re1 Rf7 32. Re8+ Kb7 33.
Rg8 Re6 34. Kh2 Re2 35. c3 Rd2 36. d4 cxd4 37. cxd4 Rxd4 38. Rxg6 Rxc4 39. Rh6 Rf5 40. Rh7 Rxa4 41. Rxc7+ Ka6 42. Rc8 Rg4 43. Rh8 a4 44. Rb8 Kb5 45. Bc7 Rg6 46. g3 Rc6 47. Bf4 Kc4 48.
Kh3 a3 49. Ra8 Kb3 50. Ra7 Ra5 51. Re7 a2 52. Be5 a1=Q 53. Bxa1 Rxa1 54. Kg2 Ra5 55.
Re3+ Kb4 56. Re4+ Kb5 57. Re5+ Rc5 58. Re7 Ra3 59. Kh3 Rcc3 60. Re5+ Kb4 61. Rg5 Rxg3+ 62. Rxg3 Rxg3+ 63. Kxg3 Kc3 64. Kh4 b5 65. Kxh5 b4 66.
Kh6 b3 0-1